[Event "CZE-tht Extraliga 2018-19"]
[Site "Czech Republic"]
[Date "2019.04.20"]
[Round "10.2"]
[White "Straka, Vojtech"]
[Black "Heberla, Bartlomiej"]
[Result "1/2-1/2"]
[ECO "A41"]
[WhiteElo "2366"]
[BlackElo "2553"]
[Annotator "ChessBase"]
[PlyCount "144"]
[EventDate "2018.11.03"]
[EventType "team-tourn"]
[EventCountry "CZE"]
[SourceTitle "playchess.com"]
[Source "ChessBase"]
[SourceQuality "1"]
[WhiteTeam "Cesky Tesin"]
[BlackTeam "Brno"]
[TimeControl "40/5400+30:1800+30"]

1. d4 d6 2. Nf3 Nf6 3. c4 Nbd7 4. Nc3 e5 5. Bg5 h6 6. Bh4 Be7 7. e3 O-O 8. Be2 c6 9. Qc2 Nh5 10. Bxe7 Qxe7 11. O-O-O Nhf6 12. Rhg1 Nb6 13. h3 e4 14. Nd2 d5 15. g4 Nh7 16. Kb1 Kh8 17. Rg3 f5 18. c5 Nd7 19. gxf5 Ndf6 20. f4 Bxf5 21. Rdg1 g5 22. fxg5 Nxg5 23. Nd1 Rg8 24. Nf2 Qh7 25. Qd1 Ne6 26. Nf1 h5 27. h4 Rxg3 28. Rxg3 Rg8 29. Ka1 Rg6 30. Qe1 Qg7 31. Nh1 Bg4 32. a3 Qe7 33. Nh2 Ng7 34. Qf2 Qe6 35. Rg1 Qf5 36. Qg3 Kh7 37. Rf1 Bxe2 38. Rxf5 Rxg3 39. Nxg3 Nxf5 40. Nxf5 Kg6 41. Ng3 Bg4 42. Kb1 Ng8 43. Kc2 Ne7 44. Kd2 Kh6 45. Nxg4+ hxg4 46. Ke2 Ng6 47. h5 Nf8 48. b4 Ne6 49. Nf5+ Kxh5 50. Kf2 Kg5 51. Nd6 Kh4 52. Kg2 Ng7 53. Nxb7 Nf5 54. Nd6 Nxe3+ 55. Kg1 a6 56. a4 Nc4 57. b5 axb5 58. axb5 Na5 59. Kg2 cxb5 60. Nxb5 Nc6 61. Nc7 Nb4 62. Ne6 g3 63. Nf4 Kg4 64. Ne2 Nc6 65. Nc3 e3 66. Ne2 Nd8 67. Nxg3 Kf4 68. Nh5+ Ke4 69. Nf6+ Kxd4 70. Kf3 Kd3 71. Nxd5 Ne6 72. Nxe3 Nxc5 {[%emt 0:00:04] Ke4+} 1/2-1/2

[Event "CZE-tht Extraliga 2018-19"]
[Site "Czech Republic"]
[Date "2019.04.20"]
[Round "10.2"]
[White "Jurcik, Martin"]
[Black "Kociscak, Jiri"]
[Result "1/2-1/2"]
[ECO "C67"]
[WhiteElo "2335"]
[BlackElo "2496"]
[Annotator "ChessBase"]
[PlyCount "106"]
[EventDate "2018.11.03"]
[EventType "team-tourn"]
[EventCountry "CZE"]
[SourceTitle "playchess.com"]
[Source "ChessBase"]
[SourceQuality "1"]
[WhiteTeam "Siesta B"]
[BlackTeam "Ostrava"]
[TimeControl "40/5400+30:1800+30"]

1. e4 e5 2. Nf3 Nc6 3. Bb5 Nf6 4. O-O Nxe4 5. Re1 Nd6 6. Nxe5 Be7 7. Bf1 Nxe5 8. Rxe5 O-O 9. d4 Bf6 10. Re1 Nf5 11. c3 d5 12. Bf4 c6 13. Bd3 Nh4 14. Nd2 Bf5 15. Qc2 Bxd3 16. Qxd3 Qb6 17. Bd6 Rfe8 18. Ba3 a5 19. g3 Ng6 20. Nf3 Re6 21. Re2 Nf8 22. Rae1 Rxe2 23. Rxe2 Ne6 24. Ne5 Bxe5 25. Rxe5 Re8 26. Qe2 Qd8 27. Kg2 Qd7 28. Re3 f6 29. Bc5 g6 30. Ba3 Kf7 31. h4 b6 32. h5 c5 33. Qg4 Qc8 34. hxg6+ hxg6 35. Qh3 Rh8 36. Qg4 Rh5 37. b3 Nf4+ 38. Kf3 Ne6 39. Kg2 cxd4 40. cxd4 Nf4+ 41. Kf3 Qxg4+ 42. Kxg4 Ne6 43. Rd3 Rh2 44. Rd2 Ke8 45. Kf3 Ng5+ 46. Ke3 Kd7 47. Rc2 Ne4 48. Kf3 f5 49. Bc1 g5 50. Be3 b5 51. a4 b4 52. Rc1 Kd6 53. Rc8 Rh1 {[%emt 0:01:57] Kxe4 Ke5+} 1/2-1/2

[Event "CZE-tht Extraliga 2018-19"]
[Site "Czech Republic"]
[Date "2019.04.20"]
[Round "10.3"]
[White "Polak, Tomas"]
[Black "Mroziak, Maciej"]
[Result "1-0"]
[ECO "E97"]
[WhiteElo "2528"]
[BlackElo "2375"]
[Annotator "ChessBase"]
[PlyCount "149"]
[EventDate "2018.11.03"]
[EventType "team-tourn"]
[EventCountry "CZE"]
[SourceTitle "playchess.com"]
[Source "ChessBase"]
[SourceQuality "1"]
[WhiteTeam "Brno"]
[BlackTeam "Cesky Tesin"]
[TimeControl "40/5400+30:1800+30"]

1. d4 Nf6 2. c4 g6 3. Nc3 Bg7 4. e4 d6 5. Nf3 O-O 6. Be2 e5 7. O-O Nc6 8. d5 Ne7 9. b4 Nh5 10. Re1 Nf4 11. Bf1 h6 12. c5 g5 13. g3 Nh3+ 14. Bxh3 Bxh3 15. Bxg5 f5 16. cxd6 cxd6 17. Bxe7 Qxe7 18. Nh4 f4 19. Qh5 Qg5 20. Qxg5 hxg5 21. Nf5 Bxf5 22. exf5 e4 23. Rac1 Rxf5 24. Nxe4 f3 25. Rcd1 Rd8 26. g4 Re5 27. Kf1 Kh7 28. Rd3 Kg6 29. Nd2 Rxe1+ 30. Kxe1 Re8+ 31. Kd1 Be5 32. Nxf3 Bf4 33. h4 gxh4 34. Nxh4+ Kg5 35. Ng2 Re4 36. a3 Rc4 37. Rh3 Rc1+ 38. Ke2 Be5 39. Ne3 Ra1 40. Rh7 Rxa3 41. Rxb7 Ra2+ 42. Kf3 a5 43. Nc4 axb4 44. Rxb4 Bc3 45. Rb8 Bd4 46. Ne3 Rd2 47. Rf8 Be5 48. Rf5+ Kg6 49. Nc4 Rd3+ 50. Ke2 Rxd5 51. Nxe5+ dxe5 52. f3 Ra5 53. Ke3 Ra3+ 54. Ke4 Ra4+ 55. Kxe5 Rb4 56. Rf4 Rb5+ 57. Ke4 Rb4+ 58. Ke3 Rb5 59. Kf2 Rb2+ 60. Kg3 Rb3 61. Ra4 Kg5 62. Ra5+ Kg6 63. Re5 Kf6 64. Rd5 Kg6 65. Kf4 Rb4+ 66. Ke3 Rb3+ 67. Ke4 Rb4+ 68. Rd4 Rb1 69. f4 Re1+ 70. Kf3 Rf1+ 71. Kg2 Ra1 72. Rd6+ Kg7 73. Kg3 Rh1 74. f5 Ra1 75. Kf4 1-0

[Event "CZE-tht Extraliga 2018-19"]
[Site "Czech Republic"]
[Date "2019.04.20"]
[Round "10.3"]
[White "Ponizil, Cyril"]
[Black "Antoniewski, Rafal"]
[Result "1/2-1/2"]
[ECO "B78"]
[WhiteElo "2501"]
[BlackElo "2500"]
[Annotator "ChessBase"]
[PlyCount "123"]
[EventDate "2018.11.03"]
[EventType "team-tourn"]
[EventCountry "CZE"]
[SourceTitle "playchess.com"]
[Source "ChessBase"]
[SourceQuality "1"]
[WhiteTeam "Duras"]
[BlackTeam "Beskydska"]
[TimeControl "40/5400+30:1800+30"]

1. e4 c5 2. Nf3 d6 3. d4 cxd4 4. Nxd4 Nf6 5. Nc3 g6 6. Be3 Bg7 7. f3 Nc6 8. Qd2 O-O 9. Bc4 Bd7 10. O-O-O Rb8 11. Kb1 Na5 12. Bb3 b5 13. Bh6 Bxh6 14. Qxh6 e5 15. Nde2 b4 16. Nd5 Nxb3 17. Nxf6+ Qxf6 18. axb3 Rb6 19. Ng3 Qe7 20. Nf1 Be6 21. g4 Rc8 22. Ne3 Rc5 23. Rd3 Ra6 24. Rc1 Qc7 25. c4 bxc3 26. Rcxc3 Rxc3 27. Rxc3 Rc6 28. Kc2 Qb6 29. Nc4 Qa6 30. Kd3 Qb5 31. Qc1 d5 32. exd5 Bxd5 33. Ke3 e4 34. Kf2 exf3 35. Qd2 Bxc4 36. Qd8+ Kg7 37. Qd4+ Kg8 38. Rxc4 Qb6 39. Qxb6 Rxb6 40. b4 Rf6 41. b5 h6 42. Ra4 Rb6 43. Ra5 Rd6 44. Kxf3 Rd2 45. b4 Rd4 46. Rxa7 Rxb4 47. Rb7 g5 48. h3 Kg7 49. b6 Rb3+ 50. Ke4 Rxh3 51. Rd7 Rg3 52. Kf5 Rb3 53. Rd6 Rb4 54. Ke5 Rxg4 55. Rd4 Rg1 56. Rb4 Re1+ 57. Kd6 Rd1+ 58. Kc7 Rc1+ 59. Kd7 Rd1+ 60. Kc7 Rc1+ 61. Kd7 Rd1+ 62. Kc7 1/2-1/2

[Event "CZE-tht Extraliga 2018-19"]
[Site "Czech Republic"]
[Date "2019.04.20"]
[Round "10.3"]
[White "Bobras, Piotr"]
[Black "Landa, Konstantin"]
[Result "1/2-1/2"]
[ECO "B19"]
[WhiteElo "2484"]
[BlackElo "2620"]
[Annotator "RC"]
[PlyCount "40"]
[EventDate "2018.11.03"]
[EventType "team-tourn"]
[EventCountry "CZE"]
[SourceTitle "playchess.com"]
[Source "ChessBase"]
[SourceQuality "1"]
[WhiteTeam "Poruba"]
[BlackTeam "Lysa nad Labem"]
[TimeControl "40/5400+30:1800+30"]

1. e4 c6 2. d4 d5 3. Nc3 dxe4 4. Nxe4 Bf5 5. Ng3 Bg6 6. h4 h6 7. Nf3 Nd7 8. h5 Bh7 9. Bd3 Bxd3 10. Qxd3 e6 11. Bd2 Ngf6 12. O-O-O Be7 13. Kb1 Qb6 14. Nh4 Bb4 15. c3 Bd6 16. c4 O-O-O 17. c5 Nxc5 18. dxc5 Bxc5 19. Qf3 Bxf2 20. Bc3 Bd4 1/2-1/2

[Event "CZE-tht Extraliga 2018-19"]
[Site "Czech Republic"]
[Date "2019.04.20"]
[Round "10.3"]
[White "Biolek, Richard Jr."]
[Black "Parizek, Vojtech"]
[Result "1-0"]
[ECO "A48"]
[WhiteElo "2442"]
[BlackElo "2252"]
[Annotator "NA"]
[PlyCount "75"]
[EventDate "2018.11.03"]
[EventType "team-tourn"]
[EventCountry "CZE"]
[SourceTitle "playchess.com"]
[Source "ChessBase"]
[SourceQuality "1"]
[WhiteTeam "Ostrava"]
[BlackTeam "Siesta B"]
[TimeControl "40/5400+30:1800+30"]

1. d4 Nf6 2. Nf3 g6 3. Bg5 Bg7 4. Nbd2 d5 5. e3 O-O 6. Be2 Nbd7 7. O-O c5 $11 8. c3 Re8 9. Bh4 e5 10. Bg3 Ng4 11. h3 Nh6 12. Bxe5 Nxe5 13. dxe5 Bxe5 14. Nxe5 Rxe5 15. Nf3 Re8 16. Qa4 Nf5 17. Rad1 Bd7 18. Qf4 Bc6 19. Bd3 Nd6 20. c4 Qe7 21. cxd5 Bxd5 22. Bxg6 hxg6 23. Rxd5 Nf5 24. Rfd1 Rad8 25. Ng5 Rxd5 26. Rxd5 Rd8 27. Rxd8+ Qxd8 28. Ne4 b6 29. g4 Ne7 30. Nf6+ Kg7 31. Qe5 Qd1+ 32. Kg2 Nc6 33. Nh5+ Kf8 34. Qh8+ Ke7 35. Qf6+ Kf8 36. Nf4 Ne7 37. Ne6+ Ke8 38. Qh8+ 1-0

[Event "CZE-tht Extraliga 2018-19"]
[Site "Czech Republic"]
[Date "2019.04.20"]
[Round "10.3"]
[White "Cernousek, Lukas"]
[Black "Cyborowski, Lukasz"]
[Result "1-0"]
[ECO "C42"]
[WhiteElo "2438"]
[BlackElo "2517"]
[Annotator "ChessBase"]
[PlyCount "105"]
[EventDate "2018.11.03"]
[EventType "team-tourn"]
[EventCountry "CZE"]
[SourceTitle "playchess.com"]
[Source "ChessBase"]
[SourceQuality "1"]
[WhiteTeam "Siesta"]
[BlackTeam "Turnov"]
[TimeControl "40/5400+30:1800+30"]

1. e4 e5 2. Nf3 Nf6 3. Nxe5 d6 4. Nf3 Nxe4 5. Nc3 Nxc3 6. dxc3 Be7 7. Be3 Nc6 8. Qd2 Be6 9. O-O-O Qd7 10. Kb1 Bf6 11. Be2 h6 12. h3 a6 13. Rhe1 O-O-O 14. Nd4 Nxd4 15. Bxd4 Qe7 16. c4 Kb8 17. Bf3 Bxd4 18. Qxd4 Qg5 19. Re3 Rhe8 20. Rb3 Bc8 21. Bc6 Re7 22. a4 Qe5 23. Qh4 Qg5 24. Qd4 Qe5 25. Qh4 Qg5 26. Qxg5 hxg5 27. c5 Re5 28. Bxb7 Bxb7 29. c6 Rc5 30. Rxb7+ Kc8 31. Re1 Rxc6 32. Rb4 Rc5 33. Re7 Rd7 34. Re8+ Rd8 35. Re7 Rd7 36. Re8+ Rd8 37. Rxd8+ Kxd8 38. Rb8+ Kd7 39. b4 Rf5 40. f3 a5 41. c3 c6 42. Kc2 Kc7 43. Re8 Kb6 44. Kb3 Rf4 45. Rb8+ Ka7 46. Rd8 Rf6 47. b5 Kb7 48. c4 Re6 49. Kc3 c5 50. Kd2 Rf6 51. Rd7+ Kb6 52. Kd3 g6 53. Kd2 1-0

[Event "CZE-tht Extraliga 2018-19"]
[Site "Czech Republic"]
[Date "2019.04.20"]
[Round "10.4"]
[White "Plat, Vojtech"]
[Black "Cvek, Robert"]
[Result "1-0"]
[ECO "B13"]
[WhiteElo "2535"]
[BlackElo "2524"]
[Annotator "ChessBase"]
[PlyCount "125"]
[EventDate "2018.11.03"]
[EventType "team-tourn"]
[EventCountry "CZE"]
[SourceTitle "playchess.com"]
[Source "ChessBase"]
[SourceQuality "1"]
[WhiteTeam "Lysa nad Labem"]
[BlackTeam "Poruba"]
[TimeControl "40/5400+30:1800+30"]

1. e4 c6 2. d4 d5 3. exd5 cxd5 4. Bd3 g6 5. c3 Bf5 6. Be2 Nc6 7. Bf4 Nf6 8. Nd2 Bg7 9. h3 O-O 10. Ngf3 h6 11. O-O g5 12. Bh2 e6 13. Ne5 Nd7 14. Nxd7 Qxd7 15. f4 f6 16. Qb3 Kh8 17. Rae1 Bg6 18. Bg4 Rae8 19. Qd1 Nd8 20. Re3 b6 21. Qe2 f5 22. Bh5 Bxh5 23. Qxh5 Qf7 24. Qe2 Bf6 25. Nf3 g4 26. hxg4 fxg4 27. Ne1 Qg6 28. Nd3 Bg7 29. Bg3 Nb7 30. f5 Rxf5 31. Nf4 Qf7 32. Rxe6 Nd6 33. Rxe8+ Nxe8 34. Qxg4 Kh7 35. Qe2 Nd6 36. Nd3 Ne4 37. Rxf5 Qxf5 38. Be1 Ng5 39. Bg3 Ne4 40. Bb8 Qc8 41. Bf4 Qf5 42. Qf3 Qg6 43. Bc1 a5 44. a4 Kg8 45. Nf4 Qc6 46. Qg4 Ng5 47. Nh5 Qe6 48. Qxe6+ Nxe6 49. Nf4 Nc7 50. Nd3 Kf7 51. Kf2 Ke6 52. Kf3 Kf5 53. g4+ Ke6 54. Bf4 Ne8 55. Bg3 Bf6 56. Nf4+ Kd6 57. Nh5+ Ke6 58. Nxf6 Kxf6 59. Be5+ Kg5 60. b3 h5 61. gxh5 Kxh5 62. c4 dxc4 63. bxc4 1-0

[Event "CZE-tht Extraliga 2018-19"]
[Site "Czech Republic"]
[Date "2019.04.20"]
[Round "10.4"]
[White "Simacek, Pavel"]
[Black "Bernasek, Jan"]
[Result "0-1"]
[ECO "B15"]
[WhiteElo "2471"]
[BlackElo "2484"]
[Annotator "ChessBase"]
[PlyCount "52"]
[EventDate "2018.11.03"]
[EventType "team-tourn"]
[EventCountry "CZE"]
[SourceTitle "playchess.com"]
[Source "ChessBase"]
[SourceQuality "1"]
[WhiteTeam "Turnov"]
[BlackTeam "Siesta"]
[TimeControl "40/5400+30:1800+30"]

1. e4 c6 2. d4 d5 3. Nc3 dxe4 4. Nxe4 Nf6 5. Ng5 Bf5 6. Bc4 e6 7. Qe2 Nbd7 8. N5f3 Bd6 9. Bg5 Qa5+ 10. Bd2 Qc7 11. O-O-O O-O 12. h3 Nb6 13. g4 Bg6 14. Bb3 a5 15. c3 c5 16. Bc2 Qc6 17. Bxg6 hxg6 18. dxc5 Bxc5 19. Rh2 Bd6 20. Ne5 Qa4 21. Ngf3 Qxa2 22. Qb5 Nbd5 23. Rhh1 Rac8 24. Nd3 Ne4 25. Rhe1 Nexc3 26. bxc3 Nxc3 0-1

[Event "CZE-tht Extraliga 2018-19"]
[Site "Czech Republic"]
[Date "2019.04.20"]
[Round "10.4"]
[White "Zwardon, Vojtech"]
[Black "Blahynka, Martin"]
[Result "1/2-1/2"]
[ECO "A00"]
[WhiteElo "2458"]
[BlackElo "2422"]
[Annotator "ChessBase"]
[PlyCount "155"]
[EventDate "2018.11.03"]
[EventType "team-tourn"]
[EventCountry "CZE"]
[SourceTitle "playchess.com"]
[Source "ChessBase"]
[SourceQuality "1"]
[WhiteTeam "Beskydska"]
[BlackTeam "Duras"]
[TimeControl "40/5400+30:1800+30"]

1. g3 Nf6 2. Bg2 d5 3. Nf3 c5 4. O-O Nc6 5. d4 e6 6. Bg5 h6 7. Bxf6 Qxf6 8. c4 cxd4 9. cxd5 exd5 10. Nbd2 g6 11. Qb3 Bg7 12. Qxd5 O-O 13. Ne4 Qe6 14. Qxe6 Bxe6 15. Ne1 Rfd8 16. Nd3 b6 17. Nf4 Bf5 18. Rac1 Rac8 19. a4 Nb4 20. Rxc8 Bxc8 21. Rc1 Ba6 22. Bf1 Be5 23. Nd3 Nxd3 24. exd3 g5 25. b4 Rc8 26. Re1 g4 27. h3 h5 28. hxg4 hxg4 29. Nd2 Bd6 30. b5 Bb7 31. Nc4 Bb4 32. Re5 Bf3 33. Bg2 Bd1 34. Rd5 Bxa4 35. Rxd4 Bxb5 36. Rxg4+ Kf8 37. Rh4 Rd8 38. Nxb6 Bc3 39. Nd5 Be5 40. d4 Bg7 41. Nc7 Bd3 42. Rf4 Rd6 43. d5 Ke7 44. Rf3 Bc4 45. Re3+ Kd7 46. Ne8 Rg6 47. Bh3+ Kd8 48. Nxg7 Rxg7 49. Rc3 Bb5 50. Rc8+ Ke7 51. Rb8 a6 52. Rb7+ Kd6 53. Be6 Be8 54. Ra7 a5 55. Kf1 a4 56. Ke2 a3 57. Ke3 a2 58. Ra6+ Kc5 59. Bf5 Kxd5 60. Be4+ Kc5 61. Rxa2 Kd6 62. Ra7 Bd7 63. Bc2 Be6 64. Ba4 Rg5 65. Be8 Re5+ 66. Kd4 Rd5+ 67. Kc3 Rc5+ 68. Kb2 f6 69. Bg6 Bf5 70. Ra6+ Ke7 71. Bxf5 Rxf5 72. f4 Rc5 73. Kb3 Rc1 74. g4 Rg1 75. Ra7+ Kf8 76. g5 fxg5 77. fxg5 Rxg5 78. Ra1 1/2-1/2

[Event "CZE-tht Extraliga 2018-19"]
[Site "Czech Republic"]
[Date "2019.04.20"]
[Round "10.4"]
[White "Piesik, Piotr"]
[Black "Nayhebaver, Martin"]
[Result "1/2-1/2"]
[ECO "A40"]
[WhiteElo "2420"]
[BlackElo "2464"]
[Annotator "RC"]
[PlyCount "43"]
[EventDate "2018.11.03"]
[EventType "team-tourn"]
[EventCountry "CZE"]
[SourceTitle "playchess.com"]
[Source "ChessBase"]
[SourceQuality "1"]
[WhiteTeam "Cesky Tesin"]
[BlackTeam "Brno"]
[TimeControl "40/5400+30:1800+30"]

1. d4 Nf6 2. c4 e6 3. g3 d5 4. Nf3 Bb4+ 5. Bd2 Bd6 6. Nc3 c6 7. b3 O-O 8. Bg2 Nbd7 9. O-O h6 10. Qc2 b6 11. e4 dxe4 12. Nxe4 Nxe4 13. Qxe4 Bb7 14. Rad1 Qe7 15. Bf4 Rfd8 16. Ne5 Rac8 17. Rfe1 Ba8 18. Qc2 Nxe5 19. dxe5 Bc5 20. Qe4 Bb4 21. Rf1 Rd7 22. Be3 1/2-1/2

[Event "CZE-tht Extraliga 2018-19"]
[Site "Czech Republic"]
[Date "2019.04.20"]
[Round "10.5"]
[White "Krejci, Jan"]
[Black "Votava, Jan"]
[Result "1/2-1/2"]
[ECO "C88"]
[WhiteElo "2588"]
[BlackElo "2518"]
[Annotator "ChessBase"]
[PlyCount "47"]
[EventDate "2018.11.03"]
[EventType "team-tourn"]
[EventCountry "CZE"]
[SourceTitle "playchess.com"]
[Source "ChessBase"]
[SourceQuality "1"]
[WhiteTeam "Novoborsky"]
[BlackTeam "Pardubice"]
[TimeControl "40/5400+30:1800+30"]

1. e4 e5 2. Nf3 Nc6 3. Bb5 a6 4. Ba4 Nf6 5. O-O Be7 6. Re1 b5 7. Bb3 O-O 8. d4 Nxd4 9. Nxd4 exd4 10. e5 Ne8 11. c3 c5 12. cxd4 c4 13. Bc2 d5 14. Nc3 Nc7 15. a3 a5 16. Ne2 Ra6 17. Ng3 f5 18. exf6 Bxf6 19. Bf4 Ne6 20. Be5 g6 21. Qd2 Bg5 22. Qe2 Nf4 23. Qf1 Ra7 24. Ne2 1/2-1/2

[Event "CZE-tht Extraliga 2018-19"]
[Site "Czech Republic"]
[Date "2019.04.20"]
[Round "10.5"]
[White "Jurcik, Marian"]
[Black "Vykouk, Jan"]
[Result "*"]
[ECO "B45"]
[WhiteElo "2494"]
[BlackElo "2441"]
[Annotator "ChessBase"]
[PlyCount "138"]
[EventDate "2018.11.03"]
[EventType "team-tourn"]
[EventCountry "CZE"]
[SourceTitle "playchess.com"]
[Source "ChessBase"]
[SourceQuality "1"]
[WhiteTeam "Siesta"]
[BlackTeam "Turnov"]
[TimeControl "40/5400+30:1800+30"]

1. e4 c5 2. Nc3 Nc6 3. Nf3 e6 4. d4 cxd4 5. Nxd4 d6 6. g4 a6 7. Be3 Qc7 8. Qe2 Nge7 9. Nb3 b5 10. f4 Bb7 11. O-O-O Rc8 12. Qf2 g5 13. Bxb5 gxf4 14. Bxf4 Ng6 15. Ba4 Be7 16. Nd5 exd5 17. exd5 O-O 18. dxc6 Bxc6 19. Bxc6 Qxc6 20. Bh6 Bh4 21. Qd2 Rfe8 22. Kb1 Qf3 23. g5 Qe4 24. Qd4 Qxc2+ 25. Ka1 Re5 26. Rc1 Qf5 27. Qxd6 Rce8 28. Rhg1 Qe6 29. Qxe6 fxe6 30. Rc6 Rd5 31. Rc7 e5 32. Rg7+ Kh8 33. Rc7 e4 34. Bg7+ Kg8 35. Bc3 e3 36. Nc1 e2 37. Rg7+ Kf8 38. Nxe2 Rxe2 39. Rxh7 Be1 40. Rf1+ Ke8 41. a4 Bxc3 42. bxc3 Rxg5 43. Rb1 Ne7 44. Rb2 Rgg2 45. Rxe2 Rxe2 46. Rh6 Nd5 47. Kb1 Nc7 48. Rh7 Kd8 49. h4 Rh2 50. c4 Kc8 51. a5 Re2 52. c5 Re5 53. c6 Ne6 54. h5 Rb5+ 55. Kc1 Rc5+ 56. Kb2 Rxc6 57. h6 Nc7 58. Kb3 Kb8 59. Rh8+ Kb7 60. h7 Rh6 61. Kc4 Rh5 62. Kb4 Nd5+ 63. Kc4 Nf6 64. Rf8 Rh4+ 65. Kb3 Nxh7 66. Rh8 Rh5 67. Kc4 Nf6 68. Rf8 Nd7 69. Rd8 Kc7 *

[Event "CZE-tht Extraliga 2018-19"]
[Site "Czech Republic"]
[Date "2019.04.20"]
[Round "10.5"]
[White "Velicka, Petr"]
[Black "Rehorek, Martin"]
[Result "1/2-1/2"]
[ECO "B42"]
[WhiteElo "2434"]
[BlackElo "2298"]
[Annotator "NA"]
[PlyCount "53"]
[EventDate "2018.11.03"]
[EventType "team-tourn"]
[EventCountry "CZE"]
[SourceTitle "playchess.com"]
[Source "ChessBase"]
[SourceQuality "1"]
[WhiteTeam "Ostrava"]
[BlackTeam "Siesta B"]
[TimeControl "40/5400+30:1800+30"]

1. e4 c5 2. Nf3 e6 3. d4 cxd4 4. Nxd4 a6 5. Bd3 Nf6 6. O-O d6 7. c4 Be7 8. Nc3 O-O 9. Be3 Nc6 10. Rc1 Bd7 11. f3 Rc8 12. Nxc6 Bxc6 13. Qd2 Kh8 14. Rfd1 Rg8 15. Bf1 Nd7 16. Nd5 exd5 17. exd5 Ba4 18. b3 Nc5 19. bxa4 Nxa4 20. Qb4 Qd7 21. Bd4 Bf6 22. Bxf6 gxf6 23. Re1 Rce8 24. Rxe8 Rxe8 25. Re1 Nc5 26. Qc3 Kg7 27. f4 1/2-1/2

[Event "CZE-tht Extraliga 2018-19"]
[Site "Czech Republic"]
[Date "2019.04.20"]
[Round "10.5"]
[White "Vojta, Tomas"]
[Black "Langner, Ladislav"]
[Result "1-0"]
[ECO "B06"]
[WhiteElo "2369"]
[BlackElo "2375"]
[Annotator "NA"]
[PlyCount "59"]
[EventDate "2018.11.03"]
[EventType "team-tourn"]
[EventCountry "CZE"]
[SourceTitle "playchess.com"]
[Source "ChessBase"]
[SourceQuality "1"]
[WhiteTeam "Brno"]
[BlackTeam "Cesky Tesin"]
[TimeControl "40/5400+30:1800+30"]

1. e4 g6 2. d4 Bg7 3. Nc3 c6 4. h3 d5 5. Nf3 dxe4 6. Nxe4 Nd7 7. c3 Ngf6 8. Bd3 O-O 9. O-O Nxe4 10. Bxe4 c5 11. Re1 cxd4 12. Nxd4 $11 Nc5 13. Bc2 e5 14. Nb3 Ne6 15. Qxd8 Rxd8 16. Be3 f5 17. f3 Bd7 18. Rad1 b6 19. Nd2 Kf8 20. Bb3 Ke7 21. Nc4 b5 22. Na5 a6 23. Bd5 Rac8 24. Bb7 Rc7 25. Bb6 Rxb7 26. Nxb7 Rc8 27. Be3 Bc6 28. Nc5 Bxf3 29. Rd7+ Ke8 30. Rxg7 1-0

[Event "CZE-tht Extraliga 2018-19"]
[Site "Czech Republic"]
[Date "2019.04.20"]
[Round "10.6"]
[White "Kraus, Tomas"]
[Black "Rydl, Jiri"]
[Result "1-0"]
[ECO "B10"]
[WhiteElo "2456"]
[BlackElo "2428"]
[Annotator "ChessBase"]
[PlyCount "73"]
[EventDate "2018.11.03"]
[EventType "team-tourn"]
[EventCountry "CZE"]
[SourceTitle "playchess.com"]
[Source "ChessBase"]
[SourceQuality "1"]
[WhiteTeam "Turnov"]
[BlackTeam "Siesta"]
[TimeControl "40/5400+30:1800+30"]

1. c4 c6 2. e4 d5 3. exd5 cxd5 4. cxd5 Nf6 5. Qa4+ Nbd7 6. Nc3 g6 7. Bc4 Bg7 8. d3 O-O 9. Nf3 a6 10. Qa3 b6 11. O-O Bb7 12. Re1 Re8 13. Ng5 Rc8 14. Be3 h6 15. Nge4 Nxe4 16. Nxe4 Ne5 17. Rad1 Nxc4 18. dxc4 Rxc4 19. f3 Qa8 20. Qd3 Rb4 21. b3 Rc8 22. Qd2 Rb5 23. d6 Rd5 24. Qb4 exd6 25. Nxd6 Rc2 26. Qf4 Rxd1 27. Qxf7+ Kh7 28. Rxd1 Bc6 29. Bxh6 Kxh6 30. Nf5+ gxf5 31. Rd6+ Kh7 32. Qxf5+ Kg8 33. Qxc2 Be8 34. Qd3 Qa7 35. Qd5+ Bf7 36. Rd8+ Kh7 37. Qf5+ 1-0

[Event "CZE-tht Extraliga 2018-19"]
[Site "Czech Republic"]
[Date "2019.04.20"]
[Round "10.6"]
[White "Kislinsky, Alexey"]
[Black "Londyn, Radek"]
[Result "1/2-1/2"]
[ECO "C45"]
[WhiteElo "2429"]
[BlackElo "2412"]
[Annotator "NA"]
[PlyCount "139"]
[EventDate "2018.11.03"]
[EventType "team-tourn"]
[EventCountry "CZE"]
[SourceTitle "playchess.com"]
[Source "ChessBase"]
[SourceQuality "1"]
[WhiteTeam "Lysa nad Labem"]
[BlackTeam "Poruba"]
[TimeControl "40/5400+30:1800+30"]

1. e4 e5 2. Nf3 Nc6 3. d4 exd4 4. Nxd4 Bc5 5. Be3 Qf6 6. Nb5 Bxe3 7. fxe3 Qh4+ 8. g3 Qd8 9. N1c3 a6 10. Nd4 d6 11. Nxc6 bxc6 12. Qd4 Qg5 13. O-O-O Nf6 14. Be2 O-O 15. h4 Qe5 $11 (15... Qa5 $17) 16. Rhf1 Re8 17. Rf4 Be6 18. Qxe5 dxe5 19. Rf2 Kf8 20. b3 Ke7 21. Rdf1 h5 22. Bd3 a5 23. Na4 Rab8 24. Nc5 Bh3 25. Rd1 Bg4 26. Rdd2 Red8 27. Bc4 Rd6 28. Nd3 Rf8 29. Nxe5 Nxe4 30. Rxd6 cxd6 31. Rf4 dxe5 32. Rxe4 Kd6 33. Bd3 g5 34. Ra4 gxh4 35. gxh4 f5 36. Kd2 f4 37. exf4 exf4 38. Ke1 Kc7 39. Rxa5 Re8+ 40. Kf2 Re3 41. Ra4 Rf3+ 42. Ke1 Kd6 43. Rd4+ Ke5 44. Re4+ Kd5 45. Rc4 Ke5 46. a4 Re3+ 47. Kd2 Rh3 48. Re4+ Kd6 49. Rxf4 Rxh4 50. a5 Rh1 51. Rf6+ Kc5 52. Kc3 Ra1 53. Bc4 Rb1 54. Rg6 Bf3 55. Rh6 Bg4 56. Rf6 h4 57. Rf4 h3 58. b4+ Kd6 59. Rf6+ Kc7 60. Rh6 Bf5 61. Bd3 Bxd3 62. cxd3 Rc1+ 63. Kb2 Rh1 64. Rh7+ Kb8 65. Kc3 h2 66. Kd4 Ka8 67. a6 Kb8 68. Rb7+ Ka8 69. Rh7 Kb8 70. Rb7+ 1/2-1/2

[Event "CZE-tht Extraliga 2018-19"]
[Site "Czech Republic"]
[Date "2019.04.20"]
[Round "10.6"]
[White "Neuman, Petr"]
[Black "Babula, Vlastimil"]
[Result "0-1"]
[ECO "A45"]
[WhiteElo "2397"]
[BlackElo "2549"]
[Annotator "ChessBase"]
[PlyCount "64"]
[EventDate "2018.11.03"]
[EventType "team-tourn"]
[EventCountry "CZE"]
[SourceTitle "playchess.com"]
[Source "ChessBase"]
[SourceQuality "1"]
[WhiteTeam "Pardubice"]
[BlackTeam "Novoborsky"]
[TimeControl "40/5400+30:1800+30"]

1. d4 Nf6 2. Bg5 Ne4 3. Bf4 c5 4. f3 Qa5+ 5. c3 Nf6 6. Nd2 cxd4 7. Nb3 Qd8 8. Bxb8 Rxb8 9. Qxd4 b6 10. e4 e6 11. Bc4 Bb7 12. Ne2 Qc7 13. Rd1 Rc8 14. Bd3 Be7 15. O-O O-O 16. Qe3 a6 17. Ng3 d6 18. Kh1 Rfe8 19. Bb1 Bf8 20. Nd4 g6 21. f4 Bg7 22. Qe2 e5 23. fxe5 Rxe5 24. Nf3 Re7 25. Qd2 d5 26. exd5 Bxd5 27. Nd4 Rce8 28. Rde1 h5 29. Rxe7 Qxe7 30. h3 h4 31. Ngf5 gxf5 32. Nxf5 Qe2 0-1

[Event "CZE-tht Extraliga 2018-19"]
[Site "Czech Republic"]
[Date "2019.04.20"]
[Round "10.6"]
[White "Rojicek, Vojtech"]
[Black "Cerveny, Martin"]
[Result "0-1"]
[ECO "A15"]
[WhiteElo "2386"]
[BlackElo "2343"]
[Annotator "NA"]
[PlyCount "90"]
[EventDate "2018.11.03"]
[EventType "team-tourn"]
[EventCountry "CZE"]
[SourceTitle "playchess.com"]
[Source "ChessBase"]
[SourceQuality "1"]
[WhiteTeam "Beskydska"]
[BlackTeam "Duras"]
[TimeControl "40/5400+30:1800+30"]

1. c4 Nf6 2. Nf3 c6 3. Nc3 d5 4. e3 g6 5. d4 Bg7 6. Be2 O-O 7. O-O Bf5 8. Qb3 Qb6 9. Qxb6 axb6 10. Bd2 Rd8 11. Rfd1 Ne4 12. Be1 Nxc3 13. Bxc3 Nd7 14. cxd5 cxd5 15. Rdc1 Rdc8 16. a3 Nb8 17. Kf1 Nc6 18. Ke1 f6 19. Kd2 Kf7 20. Bd1 g5 21. Bb3 Ke6 22. Ne1 Kd6 23. Nc2 e6 24. Bb4+ Kd7 25. Bc3 Bf8 26. f3 Bd6 27. g4 Bg6 28. Rh1 Na5 29. Ba2 h5 30. h4 gxh4 31. Rxh4 Bg3 32. Rh3 h4 33. Ne1 f5 34. Ng2 fxg4 35. fxg4 Rf8 36. Nxh4 Rf2+ 37. Kd1 Bc2+ 38. Kc1 Bxh4 39. Rxh4 Nb3+ 40. Bxb3 Bxb3 41. Rh1 b5 42. Re1 Rg8 43. e4 Rxg4 44. exd5 exd5 45. Re3 Re4 0-1